Map: Blackpink LE

Players

Snute - Winner!

  • Race: Zerg Zerg
  • Spawn Location: 1:00

Lambo

  • Race: Zerg Zerg
  • Spawn Location: 7:00

Event: WCS Leipzig 2018

VOD

Have the link to the VOD?

Description

Time

  • Played on: Jan. 27, 2018, 7:18 a.m.
  • Length: 7:44

All games in this series

Show
View Real Time Build Order
Export as new Build Order

Snute Zerg - Winner!

Build Orders: Pool First, Zergling Baneling 

Get SALT Encoding   

  12  0:00  Drone  
  13  0:12  Overlord  
  13  0:17  Drone  
  14  0:30  Drone x2  
  14  0:34  Drone  
  17  0:44  Spawning Pool  
  17  0:47  Drone  
  17  1:07  Hatchery  
  17  1:09  Drone  
  17  1:13  Drone  
  17  1:15  Extractor  
  17  1:19  Drone  
  18  1:31  Zergling x2, Queen  
  21  1:38  Overlord  
  21  1:51  Drone  
  22  2:01  Drone  
  23  2:06  Queen  
  25  2:12  Drone  
  26  2:15  Metabolic Boost  
  26  2:20  Drone  
  26  2:21  Drone  
  28  2:32  Drone  
  28  2:35  Overlord  
  29  2:37  Baneling Nest  
  29  2:38  Drone x3  
  29  2:40  Drone  
  32  2:45  Overlord  
  32  2:53  Zergling x2  
  32  2:56  Zergling x2  
  34  3:03  Zergling x2  
  35  3:07  Zergling x2  
  35  3:10  Zergling x6  
  39  3:19  Drone x4  
  43  3:22  Baneling x2  
  43  3:27  Baneling, Zergling x2  
  43  3:30  Overlord  
  43  3:31  Queen  
  46  3:37  Drone x2  
  48  3:42  Drone x2  
  48  3:50  Zergling x4  
  48  3:51  Baneling, Zergling x6  
  48  3:52  Baneling  
  48  3:54  Drone  
  53  3:58  Extractor  
  53  4:01  Baneling  
  52  4:05  Zergling x4  
  54  4:10  Baneling  
  54  4:11  Hatchery  
  53  4:18  Drone  
  53  4:19  Drone x4  
  53  4:22  Extractor  
  53  4:23  Drone  
  58  4:24  Evolution Chamber  
  58  4:25  Baneling, Roach Warren  
  58  4:26  Baneling  
  55  4:33  Drone x2  
  55  4:34  Overlord  
  57  4:48  Hatchery  
  57  4:50  Zerg Missile Weapons Level 1  
  57  4:51  Overlord  
  57  4:52  Drone x2  
  58  4:53  Drone  
  58  4:57  Baneling x2  
  59  5:00  Drone  
  59  5:01  Drone x3  
  59  5:04  Baneling x2  
  59  5:05  Baneling  
  59  5:07  Overlord  
  62  5:11  Roach  
  64  5:15  Roach  
  63  5:31  Lair  
  63  5:32  Drone x6  
  69  5:37  Drone  
  70  5:43  Drone  
  70  5:49  Drone  
  72  5:52  Drone  
  72  5:53  Drone x5  
  78  6:03  Drone x3  
  80  6:11  Roach x3, Extractor  
  85  6:18  Roach  
  85  6:24  Roach x2  
  88  6:28  Overlord  
  87  6:34  Roach  
  87  6:35  Extractor, Roach  
  89  6:40  Overlord x2  
  89  6:41  Overlord  
  89  6:46  Spine Crawler  
  86  6:47  Roach x5, Spore Crawler  
  86  6:48  Roach  
  86  6:49  Ravager  
  86  6:52  Spine Crawler  
  86  6:53  Spine Crawler, Roach  
  98  6:56  Baneling  
  98  6:57  Baneling x3  
  98  7:00  Roach x8  
  114  7:04  Roach  
  114  7:07  Roach  
  119  7:15  Roach  
  119  7:16  Roach  
  118  7:23  Roach  
  118  7:24  Roach x2  
Show
View Real Time Build Order
Export as new Build Order

Lambo Zerg 

Build Orders: Hatch First 

Get SALT Encoding   

  12  0:00  Drone  
  13  0:12  Overlord  
  13  0:16  Drone  
  14  0:31  Drone  
  14  0:32  Drone  
  14  0:35  Drone  
  17  0:50  Hatchery  
  17  0:53  Drone  
  17  0:57  Drone  
  17  0:59  Extractor  
  17  1:11  Spawning Pool  
  17  1:15  Drone  
  17  1:18  Drone  
  18  1:27  Drone  
  19  1:43  Overlord  
  19  1:58  Queen  
  19  2:00  Metabolic Boost  
  21  2:01  Zergling x2  
  21  2:02  Queen  
  21  2:05  Zergling x4  
  26  2:17  Drone  
  27  2:30  Drone  
  27  2:31  Drone  
  27  2:32  Drone x2  
  31  2:44  Hatchery  
  31  2:50  Zergling x6  
  34  2:58  Zergling x4  
  34  2:59  Evolution Chamber  
  34  3:04  Overlord  
  34  3:06  Zergling x4  
  34  3:10  Overlord  
  36  3:25  Zergling x10  
  42  3:28  Zergling x2  
  42  3:33  Drone  
  44  3:39  Drone  
  44  3:40  Drone x2  
  44  3:41  Spine Crawler  
  44  3:42  Drone x3  
  44  3:44  Drone  
  46  3:48  Drone  
  43  3:59  Baneling Nest  
  43  4:01  Drone  
  44  4:04  Drone x2  
  44  4:07  Queen  
  44  4:09  Drone  
  49  4:17  Drone x2  
  49  4:20  Drone x2  
  53  4:24  Drone  
  53  4:27  Drone x2  
  55  4:32  Overlord  
  55  4:33  Zergling x6  
  55  4:38  Overlord  
  58  4:44  Zergling x4  
  57  4:50  Extractor  
  57  4:51  Drone, Extractor, Roach Warren  
  52  4:54  Baneling x4  
  52  4:55  Drone x3  
  52  4:58  Drone x2  
  57  5:02  Drone  
  57  5:05  Evolution Chamber  
  57  5:10  Overlord  
  51  5:28  Zergling x2  
  51  5:35  Roach x5  
  60  5:38  Zergling x10  
  60  5:39  Zergling x10  
  68  5:45  Roach  
  70  5:50  Roach x3  
  76  6:00  Roach  
  76  6:03  Roach  
  76  6:04  Roach  
  81  6:06  Overlord  
  81  6:08  Overlord  
  81  6:09  Overlord x2  
  81  6:14  Overlord  
  83  6:25  Roach  
  83  6:26  Roach x3  
  83  6:30  Zergling x2  
  83  6:31  Zergling x8  
  92  6:34  Zergling x6  
  92  6:37  Zergling x2  
  92  6:38  Zergling x4  
  95  6:42  Zergling x4  
  95  6:43  Zergling x4  
  98  6:47  Zergling x2  
  98  6:48  Ravager x2  
  98  6:49  Ravager  
  98  6:51  Zergling x4  
  104  6:54  Ravager  
  104  6:56  Zergling x2  
  104  6:59  Zergling x2  
  108  7:01  Ravager  
  108  7:04  Zergling x8  
  108  7:05  Zergling x4  
  114  7:09  Zergling x4  
  114  7:22  Zergling x12  
Tags
 
Add a new tag
Caveats
  • Supply blocks, unpowered buildings, or Contaminate may cause inaccurate times.
  • Supply counts are checked every 10 seconds.